 Dungeon Crawl Stone Soup version 0.29-a0-338-g1ff7896281 (webtiles) character file.

Game seed: 11015853655998256417

360 spaghetti the Grave Robber (level 6, 5/56 HPs)
             Began as a Deep Dwarf Necromancer on Apr 17, 2022.
             Was a Plaything of Xom.
             Quit the game on level 5 of the Dungeon.
             The game lasted 00:07:48 (2549 turns).

spaghetti the Grave Robber (Deep Dwarf Necromancer) Turns: 2549, Time: 00:07:48

Health: 5/56       AC:  0    Str: 13    XL:     6   Next: 38%
Magic:  9/9        EV: 21    Int: 16    God:    Xom [...*..]
Gold:   214        SH:  0    Dex: 18    Spells: 6/10 levels left

rFire   . . .      SeeInvis +   (weapon currently unavailable)
rCold   . . .      Faith    .   (shield currently unavailable)
rNeg    . . .      Spirit   .   (body armour currently unavailable)
rPois   .          Reflect  .   (helmet currently unavailable)
rElec   .          Harm     .   (cloak currently unavailable)
rCorr   .          Rampage  .   (gloves currently unavailable)
Will    .....                   (boots currently unavailable)
Stlth   +++.......              (no amulet)
HPRegen 0.00/turn               (ring currently unavailable)
MPRegen 0.11/turn               (ring currently unavailable)

@: bat-form, flying, very quick
A: fast, flying, no casting, damage resistance, heal wounds, tiny, sense
surroundings 1, no regeneration, see invisible, robust 1, no potion heal 1
a: Heal Wounds, Renounce Religion


You were on level 5 of the Dungeon.
You worshipped Xom.
You were a favourite toy of Xom.
You were a bat.
You visited 1 branch of the dungeon, and saw 5 of its levels.

You collected 214 gold pieces.


Innate Abilities, Weirdness & Mutations

You are a bat.
You are tiny and dextrous.
You move quickly.
You are flying.
Your equipment is almost entirely melded.
You are incapable of wielding weapons or throwing items.
You cannot cast spells.
You are resistant to damage.
You can heal yourself by infusing magical energy.
You passively map a small area around you.
You do not regenerate.
You have supernaturally acute eyesight. (SInv)
You are robust. (+10% HP)
Potions are less effective at restoring your health.


   Skills:
 - Level 1.6 Fighting
 - Level 2.5 Armour
 - Level 3.6 Dodging
 - Level 3.6 Stealth
 - Level 2.8 Spellcasting
 + Level 5.8 Necromancy


You had 6 spell levels left.
You knew the following spells:

 Your Spells              Type           Power      Damage    Failure   Level
a - Pain                  Necr           84%        1d8       1%          1
b - Vampiric Draining     Necr           21%        2d7       5%          3

Your spell library contained the following spells:

 Spells                   Type           Power      Damage    Failure   Level
 Animate Skeleton         Necr           42%        N/A       1%          1
 Animate Dead             Necr           10%        N/A       17%         4
 Blink                    Tloc           4%         N/A       28%         2
 Ensorcelled Hibernation  Hex/Ice        4%         N/A       28%         2
 Agony                    Necr           21%        N/A       43%         5
 Lesser Beckoning         Tloc           2%         N/A       50%         3
 Spider Form              Tmut/Pois      2%         N/A       50%         3
 Anguish                  Hex/Necr       5%         N/A       50%         4
 Manifold Assault         Tloc           2%         N/A       99%         5

Inventory:

Hand Weapons
 a - a +2 mace of draining (melded) {mace}
   (You took it off a hobgoblin on level 2 of the Dungeon)
 b - a +0 arbalest {crossbow}
   (Xom gifted it to you on level 4 of the Dungeon)
Missiles
 c - 93 stones {throwing}
 d - 6 poisoned darts {throwing}
Armour
 e - a +0 robe
 h - a +0 plate armour (melded)
   (You found it on level 4 of the Dungeon)
Jewellery
 o - the ring "Gecholoch" (melded) {rC- rN+ EV+4 Int+4 Stlth+}
   (You found it on level 3 of the Dungeon)

   [ring of evasion]

   EV:        It affects your evasion (+4).
   Int:       It affects your intelligence (+4).
   rC:        It makes you vulnerable to cold.
   rN:        It protects you from negative energy.
   Stlth:     It makes you more stealthy.
Scrolls
 f - 2 scrolls of identify {@r1}
 j - a scroll of immolation {!r!r}
 m - a scroll of fog
Potions
 i - 2 potions of curing {@q1}
 k - a potion of magic

Dungeon Overview and Level Annotations

Branches:
Dungeon (5/15)
 Temple: D:4-7

Altars:
Dithmenos
Qazlal
Xom

Annotations:
D:2 exclusion: door
D:5 Pikel

* , ,##########
,,,#....5c..# ,
,, #...5KS5.#
##'###b5.#
..........#...#
..........#...#
,..c.......#...#
...5......#..##
* ,
..K.5.....#### ,
.5........# *
..........#


You could see Pikel (very drained), 4 lemures, a centaur and an adder.


Message History

You hit Pikel but do no damage. The adder closely misses you.
Pikel hits you with a +1 whip of flaming.
Pikel burns you. The lemure hits you.
The lemure hits you but does no damage. 😮 HP[-3]
You take 3 damage, and now have 41/56 hp.
You closely miss Pikel. The adder bites you but does no damage.
Pikel hits you with a +1 whip of flaming.
Pikel burns you. The lemure completely misses you. The lemure hits you.
The adder bites you.
You are poisoned.
The adder poisons you! 😮 HP[-2]
You take 2 damage, and now have 39/56 hp.
You closely miss Pikel. The adder bites you but does no damage.
Pikel hits you but does no damage.
The lemure hits you but does no damage. x2
A lemure comes into view.
The adder bites you but does no damage.
Pikel hits you with a +1 whip of flaming.
Pikel burns you. The lemure closely misses you. The lemure barely misses you.
The lemure moves out of view. 😮 HP[-4]
You take 4 damage, and now have 35/56 hp.
You closely miss Pikel. The adder bites you but does no damage.
Pikel hits you but does no damage. The lemure hits you but does no damage.
The lemure completely misses you. The adder bites you but does no damage.
You closely miss Pikel.
You are no longer poisoned.
The lemure shouts!
Pikel hits you with a +1 whip of flaming.
Pikel burns you. The adder bites you but does no damage.
The lemure barely misses you. x2; The adder bites you but does no damage.
Pikel hits you but does no damage. The lemure closely misses you.
The lemure completely misses you.
You hit Pikel but do no damage. The adder bites you but does no damage.
Pikel barely misses you. The lemure hits you. x2 😮 HP[-4]
You take 4 damage, and now have 31/56 hp.
You hit Pikel but do no damage. You drain Pikel.
The adder bites you but does no damage.
Pikel hits you with a +1 whip of flaming.
Pikel burns you. The lemure hits you. The lemure barely misses you.
The adder barely misses you. 😮 HP[-2]
You take 2 damage, and now have 29/56 hp.
Unknown command.
You hit Pikel but do no damage. The adder bites you.
* * * LOW HITPOINT WARNING * * *
Pikel hits you but does no damage. The lemure hits you. x2
* * * LOW HITPOINT WARNING * * *
The adder closely misses you. The lemure hits you.
Pikel hits you but does no damage.
The lemure hits you but does no damage. 😨 HP[-3]
You take 3 damage, and now have 26/56 hp.
You closely miss Pikel. The adder bites you but does no damage.
Pikel hits you but does no damage. The lemure hits you.
* * * LOW HITPOINT WARNING * * *
The lemure hits you.
The adder bites you but does no damage. 😨 HP[-3]
You take 3 damage, and now have 23/56 hp.
Unknown command.
Unknown command.
You hit Pikel. You drain Pikel. The adder closely misses you.
Pikel hits you with a +1 whip of flaming.
* * * LOW HITPOINT WARNING * * *
Pikel burns you. The lemure hits you.
* * * LOW HITPOINT WARNING * * *
The lemure hits you but does no damage. The adder bites you but does no damage.
Pikel hits you but does no damage.
The lemure hits you but does no damage. x2 😨 HP[-6]
You take 6 damage, and now have 17/56 hp.
You closely miss Pikel. The adder barely misses you. Pikel barely misses you.
The lemure barely misses you. The lemure hits you but does no damage.
The adder bites you but does no damage.
Unknown command.
Unknown command.
You hit Pikel. You drain Pikel. Pikel barely misses you. The lemure hits you.
* * * LOW HITPOINT WARNING * * *
The lemure hits you but does no damage. The adder closely misses you. 😱 HP[-4]
You take 4 damage, and now have 13/56 hp.
You hit Pikel. The adder bites you but does no damage.
Pikel hits you but does no damage. The lemure hits you but does no damage.
The lemure barely misses you. The adder bites you but does no damage.
The lemure hits you!
* * * LOW HITPOINT WARNING * * *
The lemure hits you but does no damage.
Pikel hits you but does no damage. 😱 HP[-6]
You take 6 damage, and now have 7/56 hp.
You hit Pikel. The adder bites you but does no damage.
Pikel zaps a wand.
You turn into a bat.
Your +2 mace of draining {mace} melds into your body.
Your +0 plate armour melds into your body.
The ring "Gecholoch" {rC- rN+ EV+4 Int+4 Stlth+} melds into your body.
The lemure closely misses you. The lemure hits you.
* * * LOW HITPOINT WARNING * * *
The adder completely misses you. 😱 HP[-2]
You take 2 damage, and now have 5/56 hp.
Are you sure you want to abandon this character and quit the game? (Confirm with "yes".)

Skill      XL: |  1  2  3  4  5 |
---------------+----------------+-----
Spellcasting   | 2 |  2.8
Armour         | 1 2 |  2.5
Fighting       | 1 |  1.6
Dodging        | 3 |  3.6
Stealth        | 3 |  3.6
Necromancy     | 5 |  5.8

Action                   |  1- 3 |  4- 6 || total
-------------------------+-------+-------++-------
Melee: Unarmed           |    14 |       ||    14
       Mace              |    11 |    84 ||    95
       Punch             |       |     1 ||     1
 Fire: Arbalest          |       |     6 ||     6
 Cast: Pain              |    41 |    12 ||    53
       Vampiric Draining |    10 |     1 ||    11
 Abil: Heal Wounds       |       |     2 ||     2
  Use: Potion            |     1 |     7 ||     8
       Scroll            |       |     7 ||     7
 Stab: Sleeping          |     1 |       ||     1
Armor: Robe              |    13 |       ||    13
       Skin              |       |    19 ||    19
       Plate armour      |       |    77 ||    77
Dodge: Dodged            |    45 |    83 ||   128

Levels and vault maps discovered:
D:1:      amcnicky_arrival_feature_with_door, layout_loops_cross, serial_shops,
          nicolae_shop_hallway_stairs, hangedman_glass_teeth,
          grunt_decor_clamped
D:2:      layout_basic, basic_ecumenical_altar
D:3:      layout_loops_ring, mainiacjoe_overflow_cross_hatched
D:4:      kennysheep_six_static_rooms, layout_rooms, grunt_temple_overflow_open,
          st_stairs_9, serial_bayou_pond_c, minmay_circle_x
D:5:      layout_gridville, uniq_pikel, uniq_prince_ribbit1

Notes
Turn   | Place    | Note
-------+----------+-------------------------------------------
     0 | D:1      | spaghetti the Deep Dwarf Necromancer began the quest for
                  | the Orb.
     0 | D:1      | Reached XP level 1. HP: 15/15 MP: 3/3
     0 | D:1      | magus.rc [v1.9.6]
    61 | D:1      | You fall into a shaft and drop 1 floor!
    61 | D:2      | Found a faded altar of an unknown god.
    64 | D:2      | Prayed at the altar of an unknown god.
    64 | D:2      | Became a worshipper of Xom of Many Doors
   161 | D:2      | XOM: cast spell 'Alistair's Intoxication'
   166 | D:2      | XOM: potion effect (magic)
   169 | D:2      | Reached XP level 2. HP: 16/22 MP: 1/4
   170 | D:2      | Reached skill level 2 in Spellcasting
   256 | D:2      | Reached skill level 1 in Armour
   358 | D:2      | XOM: potion effect (berserk rage)
   366 | D:2      | Reached XP level 3. HP: 16/30 MP: 1/6
   422 | D:2      | Learned a level 3 spell: Vampiric Draining
   693 | D:2      | XOM: silly message
   977 | D:3      | Identified the ring "Gecholoch" {rC- rN+ EV+4 Int+4 Stlth+}
   988 | D:3      | XOM: silly message
  1052 | D:3      | Found a stormy altar of Qazlal.
  1063 | D:3      | You pick up a book of Spatial Translocations and begin
                  | reading...
  1063 | D:3      | You add the spells Blink, Lesser Beckoning and Manifold
                  | Assault to your library.
  1179 | D:3      | Reached skill level 1 in Fighting
  1244 | D:3      | XOM: 3-stop teleportation journey
  1674 | D:3      | You pick up a book of Dreams and begin reading...
  1674 | D:3      | You add the spells Ensorcelled Hibernation, Spider Form and
                  | Anguish to your library.
  1844 | D:4      | Reached skill level 3 in Dodging
  1844 | D:4      | Reached XP level 4. HP: 38/38 MP: 3/7
  1976 | D:4      | Noticed an ogre
  1982 | D:4      | Noticed a scorpion
  1983 | D:4      | HP: 7/38 [ogre/+0 giant club (31)]
  1985 | D:4      | Killed an ogre
  1986 | D:4      | Reached skill level 2 in Armour
  1986 | D:4      | Reached skill level 3 in Stealth
  1986 | D:4      | Reached XP level 5. HP: 8/44 MP: 0/8
  1988 | D:4      | HP: 6/44 [adder (1)]
  1994 | D:4      | Gained mutation: You have hidden genetic defects. [potion
                  | of mutation]
  1997 | D:4      | Lost mutation: You have hidden genetic defects. [potion of
                  | mutation]
  1997 | D:4      | Gained mutation: You have supernaturally acute eyesight.
                  | (SInv) [potion of mutation]
  1997 | D:4      | Gained mutation: Potions are less effective at restoring
                  | your health. [potion of mutation]
  1997 | D:4      | Gained mutation: You are robust. (+10% HP) [potion of
                  | mutation]
  2138 | D:4      | Found a shadowy altar of Dithmenos.
  2138 | D:4      | Found a shimmering altar of Xom.
  2186 | D:4      | Reached skill level 5 in Necromancy
  2186 | D:4      | Reached XP level 6. HP: 21/56 MP: 10/10
  2331 | D:4      | XOM: summons friendly quasit
  2358 | D:4      | XOM: cast spell 'Summon Small Mammal'
  2421 | D:4      | XOM: god gift: arbalest {god gift}
  2474 | D:5      | Entered Level 5 of the Dungeon
  2476 | D:5      | HP: 14/56 [howler monkey (3)]
  2517 | D:5      | Noticed Pikel
  2546 | D:5      | HP: 13/56 [lemure[Pikel] (4)]
  2548 | D:5      | HP: 5/56 [lemure[Pikel] (2)]
  2549 | D:5      | Quit the game

Vanquished Creatures
  An ogre (D:4)
  A scorpion (D:4)
  2 howler monkeys
  An iguana (D:4)
  6 adders
  2 dart slugs (D:4)
  3 orcs (D:4)
  4 endoplasms
  5 giant cockroaches
  3 goblins
  6 hobgoblins
  4 jackals (D:2)
  5 kobolds
  2 quokkas (D:4)
  6 ball pythons
  3 bats (D:2)
  3 frilled lizards (D:2)
  2 rats (D:2)
59 creatures vanquished.

Vanquished Creatures (others)
  11 plants (D:4)
11 creatures vanquished.

Grand Total: 70 creatures vanquished

Table legend:
 A = Non-vault XP
 B = Vault XP
 C = Vault XP percentage of total XP
 D = Non-vault monster count
 E = Vault monster count
 F = Vault count percentage of total count
                 A         B        C        D         E       F
            +---------+---------+-------+---------+---------+-------
      Total |     480 |      35 |   6.8 |      50 |       9 |  15.3
            +---------+---------+-------+---------+---------+-------
        D:1 |       2 |       0 |   0.0 |       1 |       0 |   0.0
        D:2 |      50 |       0 |   0.0 |      24 |       0 |   0.0
        D:3 |      39 |       0 |   0.0 |      10 |       0 |   0.0
        D:4 |     335 |      35 |   9.5 |      14 |       9 |  39.1
        D:5 |      54 |       0 |   0.0 |       1 |       0 |   0.0
            +---------+---------+-------+---------+---------+-------

Illustrated notes

Table legend:
 A = Kills in this place as a percentage of kills in entire the game.
 B = Kills by you in this place as a percentage of kills by you in the entire game.
 C = Kills by friends in this place as a percentage of kills by friends in the entire game.
 D = Other kills in this place as a percentage of other kills in the entire game.
 E = Experience gained in this place as a percentage of experience gained in the entire game.
 F = Experience gained in this place divided by the number of levels of this place that you have seen.
                   A       B       C       D       E      F
               +-------+-------+-------+-------+-------+----------------------
         Total | 100.0 | 100.0 |   N/A |   N/A | 100.0 | 103.0
       Dungeon | 100.0 | 100.0 |   N/A |   N/A | 100.0 | 103.0
               +-------+-------+-------+-------+-------+----------------------

Table legend: (Time is in decaauts)
 A = Elapsed time spent in this place.
 B = Non-inter-level travel time spent in this place.
 C = Inter-level travel time spent in this place.
 D = Time resting spent in this place.
 E = Time spent auto-exploring this place.
 F = Levels seen in this place.
 G = Mean time per level.
                   A        B        C        D        E       F      G
               +--------+--------+--------+--------+--------+-----+--------+
         Total |   2592 |   2529 |     63 |     87 |   1833 |   5 |  518.4 |
       Dungeon |   2592 |   2529 |     63 |     87 |   1833 |   5 |  518.4 |
               +--------+--------+--------+--------+--------+-----+--------+

Top non-repeatable levels by time:
     D:2: 895 daAuts
     D:3: 839 daAuts
     D:4: 722 daAuts
     D:5: 73 daAuts
     D:1: 61 daAuts
